 Dungeon Crawl Stone Soup version 0.22.1-2-g9c5b331 (webtiles) character file.

10227 Fang the Cleaver (level 11, -7/108 HPs)
             Began as a Gargoyle Berserker on Nov 28, 2018.
             Was a High Priest of Trog.
             Mangled by a freezing wraith (8 damage)
             ... led by a death knight
             ... on level 11 of the Dungeon on Nov 29, 2018.
             The game lasted 00:15:41 (9824 turns).

Fang the Cleaver (Gargoyle Berserker)               Turns: 9824, Time: 00:15:42

Health: -7/108     AC: 27    Str: 29    XL:     11   Next: 58%
Magic:  11/11      EV:  9    Int:  8    God:    Trog [*****.]
Gold:   613        SH:  0    Dex:  9    Spells: 10/10 levels left

rFire    . . .     SeeInvis .   r - +1 hand axe (flame)
rCold    . . .     Gourm    .   (no shield)
rNeg     + . .     Faith    .   y - +3 plate armour
rPois    ∞         Spirit   .   (no helmet)
rElec    +         Reflect  .   (no cloak)
rCorr    .         Harm     .   B - +1 pair of gloves
MR       .....                  (no boots)
Stlth    ..........             A - amulet of regeneration
HPRegen  0.68/turn              (no ring)
MPRegen  0.12/turn              (no ring)

@: berserking, flying, slowed
A: big wings, negative energy resistance 1, electricity resistance, unbreathing,
petrification resistance, rot immunity, MP-powered wands, AC +8
a: Stop Flying, Berserk, Trog's Hand, Brothers in Arms, Renounce Religion


You were on level 11 of the Dungeon.
You worshipped Trog.
Trog was extremely pleased with you.
You were near starving.

You visited 2 branches of the dungeon, and saw 12 of its levels.
You also visited: Ossuary.

You collected 613 gold pieces.

Inventory:

Hand Weapons
 e - a +1 broad axe of freezing
 q - a +0 war axe
 r - a +1 hand axe of flaming (weapon)
Armour
 y - a +3 plate armour (worn)
 B - a +1 pair of gloves (worn)
Jewellery
 A - an amulet of regeneration (around neck)
Wands
 a - a wand of polymorph (9)
 o - a wand of iceblast (8)
 t - a wand of paralysis (13)
 w - a wand of enslavement (14)
 x - a wand of clouds (13)
Scrolls
 d - a scroll of magic mapping
 g - 3 scrolls of teleportation
 h - 12 scrolls of remove curse
 j - a scroll of blinking
 l - a scroll of fog
Potions
 b - 2 potions of berserk rage {unknown}
 f - 5 potions of curing
 i - a potion of lignification
 k - 3 potions of might
 m - 3 potions of resistance
 n - 4 potions of heal wounds
 u - a potion of magic
 z - a potion of cancellation
Comestibles
 c - 17 rations


   Skills:
 + Level 9.9 Fighting
 + Level 11.9 Axes
 + Level 9.8 Armour
 + Level 2.5 Dodging
 + Level 1.3 Stealth


You had 10 spell levels left.
You didn't know any spells.
Your spell library was empty.

Dungeon Overview and Level Annotations

Branches:
Dungeon (11/15)            Temple (1/1) D:7            Lair (0/6) D:9
    Orc: D:9-12

Altars:
Ashenzari
Elyvilon
Fedhas
Gozag
Hepliaklqana
Kikubaaqudgha
Okawaru
Ru
Uskayaw
Xom
The Shining One
Beogh

Shops:
D:10 =%


Innate Abilities, Weirdness & Mutations

You are resistant to torment.
Your stone body is resilient. (AC +8)
You are immune to poison.
You resist negative energy. (rN+)
You are resistant to electric shocks. (rElec)
You can survive without breathing.
You are immune to petrification.
You are immune to rotting.
Your large and strong wings let you fly indefinitely.
You expend magic power (3 MP) to strengthen your wands.


Message History

You hit the freezing wraith. You burn the freezing wraith.
You barely miss the yak.
The death knight's dark mirror aura disappears.
The yak barely misses you. The freezing wraith hits you.
The freezing wraith freezes you!
The freezing wraith hits you but does no damage.
The freezing wraith hits you.
* * * LOW HITPOINT WARNING * * *
The freezing wraith freezes you!!
* * * LOW HITPOINT WARNING * * *
The freezing wraith hits you but does no damage.
You hit the freezing wraith but do no damage.
The freezing wraith is heavily damaged.
You slash the yak! You burn the yak.
Your plate armour prevents you from hitting the freezing wraith.
You hit the skeletal warrior but do no damage.
The skeletal warrior hits you with a mace!
* * * LOW HITPOINT WARNING * * *
The yak closely misses you. The freezing wraith hits you!
You die...

#..# .# #..# #...# #..#
#...# #..# #...#
######..# #...#
........#######<..#
................Yp####..
..^............zWYW.....
######..######.W@###.
#..# #...# #..# #...#
#..# #...# #... [...#
#.. ...### ###.# #.#


You could see a death knight, a skeletal warrior, 2 freezing wraiths, 2 yaks and
a hungry ghost.

Vanquished Creatures
  A hydra (D:9)
  2 two-headed ogres (D:8)
  Pikel (D:5)
  A komodo dragon (D:9)
  A freezing wraith (D:11)
  5 slime creatures
  2 hippogriffs
  A spriggan (D:8)
  A hungry ghost (D:8)
  2 yaks (D:11)
  Menkaure (D:4)
  A water moccasin (D:8)
  5 orc warriors
  A black bear (D:7)
  3 phantoms
  A sky beast (D:7)
  3 ice beasts
  A slave (D:5)
  2 ogres
  2 centaurs
  A crocodile (D:9)
  Blork the orc (D:5)
  An elf zombie (Ossuary)
  A gnoll sergeant (D:7)
  2 big kobolds
  5 bullfrogs
  A water moccasin zombie (D:4)
  A scorpion (D:6)
  5 jellies
  4 wights (D:6)
  3 crimson imps
  A howler monkey (D:7)
  3 bullfrog zombies
  4 hounds
  2 centaur skeletons
  2 centaur zombies
  2 bullfrog skeletons (D:4)
  A human zombie (Ossuary)
  9 orc priests
  9 orc wizards
  A gnoll shaman (D:8)
  Terence (D:2)
  6 iguanas
  5 worker ants
  Natasha (D:4)
  3 big kobold zombies (Ossuary)
  A hound zombie (D:4)
  A hound skeleton (D:4)
  3 mummies
  5 worker ant zombies
  6 gnolls
  16 adders
  2 shadow imps
  3 oozes
  5 adder zombies
  4 worms
  4 dart slugs
  9 leopard geckos
  48 orcs
  A ball python (D:3)
  7 bats
  2 giant cockroaches
  8 goblins
  6 hobgoblins
  7 jackals
  5 quokkas
  6 frilled lizards
  A goblin zombie (Ossuary)
  4 hobgoblin zombies (Ossuary)
  2 jackal zombies
  24 kobolds
  10 kobold zombies (Ossuary)
  11 orc zombies (Ossuary)
  A quokka zombie (D:4)
  12 rats
  2 rat zombies (Ossuary)
  2 plants (D:9)
330 creatures vanquished.

Vanquished Creatures (collateral kills)
  3 slime creatures (D:10)
  A quasit (D:10)
4 creatures vanquished.

Vanquished Creatures (others)
  A slave (D:5)
  2 plants (D:9)
3 creatures vanquished.

Grand Total: 337 creatures vanquished

Notes
Turn   | Place    | Note
-------+----------+-------------------------------------------
     0 | D:1      | Fang the Gargoyle Berserker began the quest for the Orb.
     0 | D:1      | Reached XP level 1. HP: 14/14 MP: 1/1
   160 | D:1      | Reached XP level 2. HP: 16/19 MP: 2/2
   218 | D:1      | Reached skill level 3 in Axes
   813 | D:2      | Reached XP level 3. HP: 24/24 MP: 3/3
   956 | D:2      | Reached ** piety under Trog
  1142 | D:2      | Noticed Terence
  1156 | D:2      | Killed Terence
  1156 | D:2      | Reached XP level 4. HP: 29/29 MP: 4/4
  1221 | D:2      | Reached skill level 4 in Axes
  1382 | D:2      | Reached XP level 5. HP: 33/33 MP: 5/5
  2194 | D:3      | Reached *** piety under Trog
  2359 | D:3      | Reached XP level 6. HP: 39/39 MP: 6/6
  2574 | D:4      | Reached skill level 1 in Stealth
  2575 | D:4      | Reached skill level 5 in Axes
  3016 | D:4      | Reached XP level 7. HP: 26/44 MP: 7/7
  3164 | D:4      | Noticed Menkaure
  3172 | D:4      | Reached **** piety under Trog
  3172 | D:4      | Reached skill level 6 in Axes
  3176 | D:4      | Killed Menkaure
  3176 | D:4      | Reached skill level 5 in Fighting
  3317 | D:4      | Found an iron altar of Okawaru.
  3351 | D:4      | Noticed Natasha
  3361 | D:4      | Killed Natasha
  3722 | D:5      | Entered Level 5 of the Dungeon
  3958 | D:5      | Found a blossoming altar of Fedhas.
  3959 | D:5      | Noticed Pikel
  3973 | D:5      | Killed Pikel
  3973 | D:5      | Reached skill level 7 in Axes
  3973 | D:5      | Reached skill level 5 in Armour
  3973 | D:5      | Reached XP level 8. HP: 50/50 MP: 8/8
  4137 | D:5      | Found an ancient bone altar of Kikubaaqudgha.
  4207 | D:5      | Noticed Blork the orc
  4221 | D:5      | Killed Blork the orc
  4577 | D:5      | Reached skill level 8 in Axes
  4624 | D:5      | Reached XP level 9. HP: 27/55 MP: 9/9
  5545 | D:6      | Reached skill level 9 in Axes
  5911 | D:7      | Reached ***** piety under Trog
  5937 | D:7      | Found a sand-covered staircase.
  6067 | Ossuary  | Entered an ossuary
  6091 | Ossuary  | Received a gift from Trog
  6262 | Ossuary  | Reached skill level 10 in Axes
  6282 | Ossuary  | Reached XP level 10. HP: 58/63 MP: 10/10
  6302 | Ossuary  | Gained mutation: Your body sometimes deteriorates upon
                  | taking damage. [potion of mutation]
  6302 | Ossuary  | Gained mutation: You are resistant to hostile enchantments.
                  | (MR+) [potion of mutation]
  6302 | Ossuary  | Gained mutation: Armour fits poorly on your strangely
                  | shaped body. [potion of mutation]
  6302 | Ossuary  | Gained mutation: Your flesh is heat resistant. (rF+)
                  | [potion of mutation]
  6303 | Ossuary  | Lost mutation: Your body sometimes deteriorates upon taking
                  | damage. [potion of mutation]
  6303 | Ossuary  | Lost mutation: Armour fits poorly on your strangely shaped
                  | body. [potion of mutation]
  6303 | Ossuary  | Lost mutation: Your flesh is heat resistant. (rF+) [potion
                  | of mutation]
  6303 | Ossuary  | Gained mutation: You have sharp toenails. [potion of
                  | mutation]
  6304 | Ossuary  | Lost mutation: You are resistant to hostile enchantments.
                  | (MR+) [potion of mutation]
  6304 | Ossuary  | Lost mutation: You have sharp toenails. [potion of
                  | mutation]
  6304 | Ossuary  | Gained mutation: You expend magic power (3 MP) to
                  | strengthen your wands. [potion of mutation]
  6304 | Ossuary  | Gained mutation: Your large and strong wings let you fly
                  | indefinitely. [potion of mutation]
  6415 | D:7      | Found a shattered altar of Ashenzari.
  6757 | D:7      | Found a staircase to the Ecumenical Temple.
  6761 | Temple   | Entered the Ecumenical Temple
  6777 | D:7      | Found a roughly hewn altar of Beogh.
  6894 | D:7      | Found a shimmering altar of Xom.
  6906 | D:7      | Found a sacrificial altar of Ru.
  7200 | D:8      | Noticed a two-headed ogre
  7208 | D:8      | Killed a two-headed ogre
  7230 | D:8      | Paralysed by fainting for 5 turns
  7763 | D:8      | Received a gift from Trog
  7903 | D:8      | Noticed a two-headed ogre
  7922 | D:8      | Killed a two-headed ogre
  7922 | D:8      | Reached skill level 11 in Axes
  8539 | D:9      | Reached XP level 11. HP: 71/71 MP: 11/11
  8627 | D:9      | Noticed a six-headed hydra
  8640 | D:9      | Killed a one-headed hydra
  8864 | D:9      | Found a staircase to the Lair.
  9058 | D:9      | Found a hide-covered altar of Uskayaw.
  9090 | D:9      | Found a hazy altar of Hepliaklqana.
  9334 | D:10     | Entered Level 10 of the Dungeon
  9376 | D:10     | Found Yxiloij's Food Shop.
  9442 | D:10     | Found Jinim's Jewellery Boutique.
  9803 | D:11     | Noticed a skeletal warrior
  9810 | D:11     | Noticed a death knight
  9824 | D:11     | HP: 1/108 [skeletal warrior/mace[a death knight] (8)]
  9824 | D:11     | Mangled by a freezing wraith

Skill      XL: |  1  2  3  4  5  6  7  8  9 10 11 |
---------------+----------------------------------+-----
Axes           | 3 4 5 7 8 10 11 | 11.9
Fighting       | 4 5 6 7 9 |  9.9
Armour         | 3 5 6 7 8 9 |  9.8
Stealth        | 1 |  1.3
Dodging        | 2 |  2.5

Action                   |  1- 3 |  4- 6 |  7- 9 | 10-12 || total
-------------------------+-------+-------+-------+-------++-------
Melee: Hand axe          |   109 |    77 |   454 |   474 ||  1114
       War axe           |       |   143 |    11 |       ||   154
Invok: Berserk           |     1 |       |     6 |     4 ||    11
       Brothers in Arms  |       |       |       |     1 ||     1
 Abil: Fly               |       |       |       |     1 ||     1
  Use: Scroll            |       |       |    10 |    12 ||    22
       Potion            |       |       |       |     3 ||     3
  Eat: Chunk             |     1 |     6 |    18 |    13 ||    38
       Ration            |       |       |       |     1 ||     1
Armor: Leather armour    |    22 |       |       |       ||    22
       Animal skin       |     4 |       |       |       ||     4
       Chain mail        |    37 |   159 |    99 |       ||   295
       Plate armour      |       |       |   179 |   330 ||   509
Dodge: Dodged            |    74 |   105 |   177 |   192 ||   548
